Map: Dusk Towers

Players

Happy

  • Race: Terran Terran
  • League: Grandmaster

hydra - Winner!

  • Race: Zerg Zerg
  • League: Master

Event: 2016 WCS Winter Circuit Championship

VOD

https://www.youtube.com/watch?v=D1B_fBWL4Yo

Description

Time

  • Played on: March 2, 2016, 3:31 p.m.
  • Length: 20:33

All games in this series

Show
View Real Time Build Order
Export as new Build Order

Happy Terran 

Build Orders: Liberator Opening, Reaper Expand 

Get SALT Encoding   

  12  0:00  SCV  
  13  0:12  SCV  
  14  0:17  Supply Depot  
  14  0:25  SCV  
  15  0:39  SCV  
  15  0:40  Barracks  
  16  0:45  Refinery  
  16  0:51  SCV  
  17  1:03  SCV  
  18  1:15  SCV  
  19  1:27  Orbital Command  
  19  1:29  Reaper  
  20  1:38  Command Center  
  20  1:44  Refinery  
  20  1:53  SCV  
  21  1:55  Supply Depot  
  21  2:05  SCV  
  22  2:09  Factory  
  22  2:16  Barracks Reactor  
  22  2:17  SCV  
  23  2:29  SCV  
  24  2:41  SCV  
  25  2:52  Orbital Command  
  25  2:53  SCV  
  25  2:55  Starport  
  26  3:00  Hellion  
  26  3:01  Hellion, Marine  
  26  3:05  SCV  
  32  3:12  Supply Depot  
  32  3:17  SCV  
  32  3:19  SCV  
  34  3:22  Hellion x2  
  38  3:29  SCV  
  38  3:30  Marine  
  38  3:31  SCV, Medivac  
  43  3:38  Armory  
  43  3:44  Liberator  
  43  3:45  Hellion x2  
  43  3:46  SCV  
  43  3:48  Marine  
  49  3:55  SCV  
  50  3:57  Supply Depot  
  50  4:01  SCV  
  54  4:17  Command Center  
  54  4:19  Supply Depot  
  54  4:22  Factory Tech Lab  
  54  4:24  SCV  
  54  4:49  Siege Tank  
  52  4:55  Liberator  
  52  4:56  SCV, Marine x2  
  52  4:57  SCV  
  52  5:00  Refinery  
  52  5:01  Engineering Bay  
  52  5:02  Engineering Bay, Refinery  
  50  5:08  SCV  
  50  5:09  SCV  
  50  5:11  Supply Depot  
  55  5:17  Marine x2  
  55  5:21  Siege Tank, SCV x2  
  62  5:30  Orbital Command  
  62  5:33  SCV  
  63  5:36  Barracks, Terran Infantry Weapons Level 1  
  63  5:41  SCV  
  64  5:43  Terran Infantry Armor Level 1  
  64  5:46  SCV, Barracks  
  64  5:47  Supply Depot  
  65  5:54  Orbital Command  
  65  5:55  SCV  
  65  5:56  Supply Depot, Siege Tank  
  69  5:59  Starport Reactor  
  69  6:02  Marine  
  70  6:08  Marine  
  72  6:11  SCV  
  72  6:15  SCV  
  73  6:19  Supply Depot, Marine  
  73  6:23  SCV  
  75  6:25  Marine  
  73  6:33  Siege Tank  
  73  6:35  Barracks Tech Lab x2  
  73  6:36  Armory  
  73  6:37  SCV, Marine  
  73  6:38  SCV  
  73  6:39  SCV, Barracks  
  80  6:41  Barracks  
  80  6:48  Marine  
  80  6:49  SCV  
  80  6:50  SCV, Medivac x2  
  87  6:54  SCV  
  87  6:55  Marine  
  87  7:01  Combat Shields, SCV  
  90  7:02  Stimpack  
  90  7:04  SCV  
  90  7:08  Marine x2  
  93  7:11  Marine  
  93  7:13  SCV x2  
  93  7:15  Refinery  
  93  7:16  SCV  
  93  7:17  Refinery  
  94  7:23  Marine  
  94  7:25  SCV x2  
  94  7:26  Marauder  
  94  7:28  Marine  
  100  7:34  SCV, Marine  
  103  7:37  SCV, Marine  
  103  7:39  SCV  
  103  7:41  Marine  
  103  7:42  Siege Tank  
  110  7:46  SCV, Marine  
  110  7:47  Bunker  
  110  7:48  Terran Infantry Weapons Level 2, Terran Infantry Armor Level 2  
  110  7:49  SCV  
  110  7:50  Supply Depot  
  110  7:51  SCV  
  113  7:52  Barracks Reactor  
  113  7:53  Barracks Reactor  
  113  7:57  Supply Depot  
  113  7:58  Barracks, Marine x2  
  113  7:59  Supply Depot, SCV  
  113  8:01  Marine  
  117  8:06  Supply Depot  
  117  8:08  Supply Depot, SCV x2, Marine  
  117  8:11  SCV  
  121  8:16  Marauder  
  121  8:17  Marine  
  121  8:18  Marine  
  123  8:21  SCV x2  
  123  8:23  Medivac  
  123  8:26  Marine  
  128  8:28  Marine x2  
  128  8:31  Marine  
  128  8:32  Marine  
  132  8:35  Marauder  
  132  8:36  Marine  
  132  8:38  Marauder  
  137  8:44  Marine  
  137  8:46  SCV, Marine x2  
  142  8:49  Marine x2  
  142  8:50  Supply Depot, Barracks Tech Lab, Command Center  
  142  8:54  Siege Tank, Medivac, Marine  
  149  8:56  Medivac  
  149  8:57  Marauder  
  149  8:59  Marauder  
  149  9:01  Missile Turret  
  149  9:02  Marine  
  155  9:03  Missile Turret, Concussive Shells  
  155  9:04  Marine  
  152  9:10  SCV  
  152  9:11  Marauder, Marine x2  
  144  9:18  Marauder  
  144  9:21  Marauder, SCV  
  144  9:22  SCV  
  144  9:23  SCV  
  119  9:24  Medivac  
  119  9:26  Medivac  
  121  9:33  Marauder  
  121  9:34  SCV x2  
  121  9:36  SCV  
  126  9:42  Supply Depot, Marine x3  
  126  9:43  Marauder x2  
  126  9:45  Marine  
  134  9:46  SCV  
  134  9:47  SCV  
  136  9:54  Marauder  
  136  9:55  Marine x2  
  136  9:56  SCV  
  141  10:00  SCV x2  
  141  10:04  Marauder  
  141  10:05  Marauder, Marine  
  134  10:27  Marine x2  
  134  10:28  Marauder x2  
  123  10:30  Marine  
  123  10:31  Siege Tank, Marauder, Marine, Planetary Fortress  
  123  10:33  SCV x3  
  131  10:35  Marine  
  131  10:36  Marine  
  133  10:45  SCV x2, Marine x2  
  133  10:48  Marine  
  133  10:49  Marauder x2  
  141  10:55  Starport  
  141  10:56  Missile Turret  
  139  11:01  Medivac x2  
  139  11:04  Marine  
  139  11:08  Marine x2  
  139  11:10  Marauder  
  148  11:12  Missile Turret, Terran Infantry Weapons Level 3  
  148  11:14  Terran Infantry Armor Level 3  
  148  11:16  SCV x2  
  146  11:19  Marine  
  146  11:20  Marauder  
  146  11:21  Marine  
  146  11:24  SCV x2  
  152  11:29  Liberator x2  
  152  11:30  Marine  
  152  11:31  Marauder  
  141  11:46  Marine x2  
  141  11:47  Marauder x2, Marine  
  150  11:48  Starport Reactor  
  150  11:51  Supply Depot  
  150  11:53  Marauder, Marine x3  
  158  11:57  Command Center  
  158  12:04  Marine x2  
  158  12:05  Refinery  
  158  12:06  Refinery  
  158  12:07  Marine  
  158  12:08  Marauder, Marine  
  163  12:11  Liberator, Marine  
  163  12:15  Marauder  
  163  12:19  SCV  
  156  12:27  Marine x3  
  156  12:28  Marauder  
  156  12:29  Marauder, Medivac  
  150  12:30  Marine  
  150  12:31  SCV  
  150  12:33  Marine  
  150  12:36  Marauder, SCV  
  147  12:37  SCV  
  147  12:39  SCV  
  147  12:40  Liberator  
  147  12:41  Liberator  
  147  12:44  SCV  
  150  12:49  Marauder  
  150  12:51  Marauder  
  154  12:54  SCV  
  158  13:03  Terran Ship Weapons Level 1  
  158  13:15  Liberator  
  158  13:19  SCV x2  
  153  13:26  Liberator, SCV  
  149  13:27  Liberator  
  149  13:28  Liberator  
  149  13:31  Marine x3  
  149  13:32  Marauder x3  
  157  13:38  SCV  
  157  13:46  SCV  
  166  13:52  SCV  
  163  13:56  Missile Turret  
  163  13:57  Liberator  
  159  14:04  SCV  
  159  14:09  Liberator  
  137  14:16  SCV  
  103  14:25  Marine x2  
  103  14:26  Marauder x2  
  103  14:27  Marine  
  101  14:33  Liberator  
  101  14:51  Liberator  
  104  14:57  Marauder x2, Marine x2  
  104  14:58  SCV x2  
  112  15:01  Liberator  
  112  15:06  SCV  
  113  15:09  Marine  
  113  15:10  Marauder, SCV  
  120  15:17  Liberator  
  123  15:27  SCV  
  123  15:28  Liberator, Planetary Fortress, SCV  
  125  15:34  Liberator  
  125  15:38  SCV  
  125  15:39  SCV  
  127  15:43  Command Center  
  127  15:44  Liberator  
  127  15:49  Marine  
  133  15:50  Marauder  
  133  15:51  Marauder, Marine  
  139  16:01  Marine x2  
  139  16:02  Marauder  
  139  16:03  Marine  
  149  16:11  Marauder  
  149  16:15  Marauder, Marine  
  152  16:21  SCV, Barracks  
  152  16:24  Ghost Academy  
  152  16:28  Refinery  
  152  16:30  Refinery  
  115  16:53  Marine  
  96  17:01  Marine x3  
  96  17:02  Ghost  
  96  17:04  Ghost x2  
  103  17:14  Orbital Command  
  103  17:43  SCV  
  104  17:51  SCV x2  
  106  17:57  Marine  
  106  17:58  Marine  
  108  18:02  SCV  
  108  18:05  SCV  
  101  18:16  Liberator  
  101  18:17  Liberator  
  101  18:19  Marine  
  72  18:20  Marine x3, Ghost  
  72  18:22  SCV x2  
  77  18:34  Marine  
  77  18:38  SCV x2  
  80  18:41  SCV  
  81  18:51  SCV  
  81  18:54  SCV  
  83  18:59  Liberator  
  83  19:02  Liberator, Ghost  
  80  19:12  Liberator  
  80  19:16  Ghost  
  74  19:35  Ghost  
Show
View Real Time Build Order
Export as new Build Order

hydra Zerg - Winner!

Build Orders: Hatch First 

Get SALT Encoding   

  12  0:01  Drone  
  13  0:12  Overlord  
  13  0:17  Drone  
  14  0:30  Drone x2  
  14  0:34  Drone  
  17  0:53  Hatchery  
  17  0:54  Drone  
  17  0:57  Drone  
  18  1:05  Extractor  
  17  1:12  Spawning Pool  
  17  1:15  Drone  
  17  1:18  Drone  
  18  1:27  Drone  
  19  1:38  Overlord  
  19  1:58  Queen  
  19  1:59  Zergling x2  
  19  2:00  Zergling x2  
  23  2:04  Queen  
  23  2:05  Metabolic Boost  
  25  2:10  Drone  
  25  2:11  Zergling x2  
  27  2:16  Drone  
  27  2:21  Drone  
  29  2:27  Drone  
  30  2:33  Drone  
  30  2:34  Queen  
  33  2:39  Drone  
  33  2:43  Overlord  
  34  2:45  Pneumatized Carapace  
  34  2:48  Drone  
  35  2:54  Overlord  
  35  2:59  Drone  
  35  3:05  Drone x3  
  38  3:06  Drone  
  38  3:09  Drone  
  38  3:12  Drone x2  
  43  3:14  Drone  
  44  3:28  Hatchery  
  44  3:32  Drone  
  44  3:35  Roach Warren  
  44  3:37  Drone  
  44  3:38  Drone  
  45  3:43  Lair  
  45  3:45  Overlord  
  45  3:51  Drone  
  45  3:52  Drone  
  45  3:53  Extractor  
  45  3:54  Drone  
  45  3:55  Drone x2  
  49  3:59  Overlord  
  49  4:07  Extractor, Drone x2  
  52  4:17  Roach x4  
  52  4:21  Roach x2  
  52  4:23  Roach  
  64  4:25  Overlord  
  64  4:29  Zergling x6  
  61  4:50  Roach x3  
  61  4:53  Drone  
  61  4:55  Drone  
  61  4:56  Drone  
  61  4:57  Drone x6  
  68  5:01  Drone  
  68  5:05  Drone x2  
  69  5:10  Evolution Chamber  
  69  5:11  Evolution Chamber  
  69  5:12  Ravager x2  
  70  5:14  Ravager  
  70  5:17  Drone  
  71  5:22  Drone x2  
  71  5:25  Drone  
  71  5:28  Overlord x2  
  74  5:31  Extractor  
  74  5:33  Drone  
  74  5:34  Overseer  
  74  5:37  Drone  
  74  5:39  Zerg Missile Weapons Level 1  
  74  5:40  Drone x2  
  74  5:41  Drone x2  
  79  5:44  Drone  
  79  5:46  Drone x3  
  83  5:51  Drone  
  83  5:54  Extractor  
  83  5:55  Hatchery, Extractor, Zerg Ground Armor Level 1  
  83  5:57  Overlord x2  
  81  6:00  Glial Reconstitution, Drone  
  81  6:02  Drone  
  83  6:07  Spore Crawler  
  83  6:08  Spore Crawler, Drone  
  83  6:09  Drone  
  83  6:10  Spore Crawler  
  83  6:11  Drone x2  
  83  6:14  Overlord  
  84  6:22  Overlord  
  84  6:28  Roach x6  
  84  6:29  Roach  
  98  6:35  Roach  
  98  6:36  Roach  
  102  6:41  Overseer  
  102  6:47  Drone  
  103  6:54  Overlord x3  
  103  6:56  Roach x4  
  111  7:10  Queen  
  111  7:12  Drone x9  
  121  7:15  Overlord  
  121  7:19  Roach x6  
  133  7:26  Tunneling Claws  
  133  7:27  Drone x2, Burrow  
  135  7:31  Roach  
  135  7:32  Roach x3  
  135  7:35  Zerg Missile Weapons Level 2  
  135  7:36  Overlord  
  143  7:38  Roach x2  
  147  7:45  Spore Crawler  
  147  7:47  Roach  
  147  7:48  Roach x5  
  158  7:52  Zerg Ground Armor Level 2  
  158  7:55  Overlord  
  158  8:02  Drone, Roach  
  158  8:03  Roach x3  
  158  8:05  Overlord x2  
  167  8:09  Overlord  
  167  8:10  Overlord  
  167  8:11  Overlord  
  166  8:25  Roach x9  
  184  8:31  Ravager x6  
  190  8:38  Drone x2  
  190  8:39  Drone  
  190  8:40  Spine Crawler x2  
  191  8:42  Infestation Pit  
  191  8:44  Roach x3  
  191  8:45  Roach  
  190  8:50  Extractor x2  
  190  8:51  Drone x6  
  149  9:19  Roach x8  
  149  9:20  Roach x14  
  160  9:29  Hive  
  160  9:31  Drone  
  150  9:37  Drone  
  150  9:38  Infestor x2  
  151  9:41  Hatchery  
  151  9:45  Roach x10  
  154  9:50  Roach x8  
  170  9:53  Ravager  
  170  9:58  Roach x3  
  177  10:01  Ravager x2  
  179  10:07  Roach  
  179  10:08  Overlord x2, Roach  
  179  10:09  Overlord  
  145  10:34  Roach x3  
  149  10:40  Roach x8  
  149  10:41  Roach x7  
  165  10:43  Zerg Melee Weapons Level 1  
  165  10:44  Ultralisk Cavern, Zerg Ground Armor Level 3  
  152  11:02  Drone  
  147  11:12  Adrenal Glands  
  147  11:13  Nydus Network  
  147  11:17  Hatchery  
  145  11:18  Overseer  
  145  11:24  Zergling x2  
  145  11:25  Zergling x24  
  158  11:26  Hatchery  
  155  11:34  Infestor  
  139  11:42  Roach  
  139  11:43  Roach x12  
  153  11:49  Nydus Canal  
  153  11:51  Chitinous Plating  
  153  11:54  Ravager x3  
  153  11:55  Ravager x2  
  153  11:56  Roach x4  
  153  11:59  Roach  
  168  12:03  Roach  
  168  12:04  Roach  
  171  12:18  Ultralisk x2  
  171  12:20  Zergling x16  
  171  12:21  Zergling x8  
  160  12:31  Ultralisk  
  160  12:33  Extractor  
  160  12:35  Ultralisk  
  158  12:37  Extractor  
  158  12:41  Drone x4  
  158  12:42  Drone  
  162  12:45  Zergling x26  
  162  12:48  Nydus Canal  
  175  12:54  Ultralisk  
  181  12:59  Ultralisk  
  187  13:11  Ultralisk  
  188  13:23  Ultralisk x2  
  195  13:32  Nydus Canal  
  189  13:37  Zergling x2  
  189  13:38  Zergling x20  
  185  14:10  Spire  
  185  14:13  Ultralisk  
  185  14:14  Ultralisk x3  
  185  14:21  Ultralisk  
  185  14:23  Zergling x22  
  176  14:32  Drone x2  
  176  14:33  Extractor  
  176  14:36  Ultralisk  
  183  14:43  Overseer  
  183  14:46  Ravager  
  183  14:47  Ravager  
  183  14:51  Drone x2, Spine Crawler  
  186  14:57  Zergling x26  
  185  15:08  Nydus Canal  
  185  15:30  Corruptor x9  
  182  15:39  Roach x6  
  188  15:45  Drone  
  188  15:48  Drone x2  
  191  15:50  Spore Crawler  
  191  15:51  Zerg Melee Weapons Level 2  
  191  15:54  Zerg Flyer Weapons Level 1, Zerg Missile Weapons Level 3  
  190  16:06  Ultralisk  
  182  16:41  Corruptor  
  182  16:42  Corruptor x5  
  173  16:52  Corruptor x7  
  173  16:53  Corruptor  
  186  17:00  Ultralisk  
  182  17:04  Extractor  
  182  17:07  Ultralisk  
  187  17:10  Ravager x2  
  189  17:27  Ultralisk  
  194  17:35  Ravager  
  194  17:36  Ravager x2  
  194  17:39  Zergling x4  
  196  17:47  Spine Crawler  
  196  17:48  Spine Crawler  
  194  17:53  Zerg Flyer Armor Level 1  
  172  18:14  Ultralisk x3  
  172  18:15  Ultralisk x2  
  164  18:24  Ultralisk  
  160  18:29  Zergling x22  
  171  18:37  Ultralisk  
  177  18:46  Ultralisk  
  152  19:11  Ultralisk x2  
  152  19:16  Zergling x24  
  152  19:17  Zergling x8  
  168  19:26  Ultralisk  
  162  19:33  Ultralisk  
  168  19:44  Corruptor x2  
  169  20:07  Hatchery  
Tags
 
Add a new tag
Caveats
  • Supply blocks, unpowered buildings, or Contaminate may cause inaccurate times.
  • Supply counts are checked every 10 seconds.